 Dungeon Crawl Stone Soup version 0.31-b1-20-g67cafac56d (webtiles) character file.

Game seed: 2270655192540749519

2964 groovy9 the Blocker (level 9, -3/74 HPs)
             Began as a Gnoll Fighter on Jan 18, 2024.
             Was a Believer of Okawaru.
             Killed from afar by a gargoyle (25 damage)
             ... with a stone arrow
             ... on level 7 of the Dungeon.
             The game lasted 00:18:23 (5600 turns).

groovy9 the Blocker (Gnoll Fighter)                 Turns: 5600, Time: 00:18:23

Health: -3/74      AC: 21    Str: 19    XL:     9   Next: 82%
Magic:  16/16      EV: 14    Int:  8    God:    Okawaru [**....]
Gold:   545        SH:  6    Dex: 12    Spells: 17/17 levels left

rFire   + . .        a - +0 war axe
rCold   + . .        c - +0 buckler
rNeg    . . .        u - +6 chain mail {ponderous}
rPois   +            s - +2 helmet
rElec   .            f - scarf {rC+ rF+}
rCorr   .            A - +0 pair of gloves
SInv    .            (no boots)
Will    .....        (no amulet) Stlth
                     b - +5 ring of evasion
HPRegen 0.32/turn    q - ring of poison resistance
MPRegen 0.15/turn

%: no passive effects
@: hasted, very quick
A: fangs 1, strong nose, distributed training
a: Renounce Religion, Heroism


You were on level 7 of the Dungeon.
You worshipped Okawaru.
Okawaru was pleased with you.
You visited 2 branches of the dungeon, and saw 8 of its levels.

You collected 545 gold pieces.

Inventory:

Hand Weapons
 a - a +0 war axe (weapon)
 w - the +5 quarterstaff of Luots {drain, ^Fragile rPois Will++ MP-9 Dex+3}
   (You found it on level 6 of the Dungeon)

   Dex+3:     It affects your dexterity (+3).
   rPois:     It protects you from poison Will++: It greatly increases your
   willpower.
   MP-9:      It affects your magic capacity (-9).
   ^Fragile:  It will be destroyed if unequipped.
Missiles
 g - a throwing net (quivered)
Armour
 c - a +0 buckler (worn)
 f - a scarf of resistance (worn)
 l - a +1 cloak
 n - a +0 chain mail
 s - a +2 helmet (worn)
 u - a +6 chain mail of ponderousness (worn)
 A - a +0 pair of gloves (worn)
Jewellery
 b - a +5 ring of evasion (left hand)
 o - an amulet of faith
 q - a ring of poison resistance (right hand)
 t - a ring of wizardry
 C - a ring of fire
Wands
 m - a wand of flame (17)
 B - a wand of iceblast (1)
Scrolls
 d - a scroll of revelation {unknown}
 e - 2 scrolls of teleportation
 i - 2 scrolls of blinking
 j - 3 scrolls of immolation
 k - 3 scrolls of vulnerability
 p - 2 scrolls of enchant armour {unknown}
 r - a scroll of fear {unknown}
 y - 3 scrolls of torment
Potions
 h - 2 potions of curing
 x - a potion of ambrosia {unknown}
 z - 3 potions of lignification {unknown}
 D - a potion of degeneration {unknown}


   Skills:
 + Level 8.2 Fighting
 + Level 4.8 Short Blades
 + Level 4.8 Long Blades
 + Level 6.7 Axes
 + Level 4.8 Maces & Flails
 + Level 4.8 Polearms
 + Level 4.8 Staves
 + Level 4.8 Ranged Weapons
 + Level 4.8 Throwing
 + Level 8.2 Armour
 + Level 4.8 Dodging
 + Level 4.8 Stealth
 + Level 8.2 Shields
 + Level 4.8 Unarmed Combat
 + Level 4.8 Spellcasting
 + Level 3.9 Conjurations
 + Level 3.9 Hexes
 + Level 3.9 Summonings
 + Level 3.9 Necromancy
 + Level 3.9 Translocations
 + Level 3.9 Fire Magic
 + Level 3.9 Ice Magic
 + Level 3.9 Air Magic
 + Level 3.9 Earth Magic
 + Level 3.9 Alchemy
 + Level 5.2 Invocations
 + Level 4.8 Evocations
 + Level 4.3 Shapeshifting


You had 17 spell levels left.
You didn't know any spells.
Your spell library contained the following spells:

 Spells                   Type           Power      Damage    Failure   Level
 Fugue of the Fallen      Necr           8%         N/A       77%         3
 Ozocubu's Armour         Ice            8%         N/A       77%         3
 Stone Arrow              Conj/Erth      16%        3d8       77%         3
 Manifold Assault         Tloc           8%         N/A       99%         4
 Lehudib's Crystal Spear  Conj/Erth      4%         10d3      100%        8
 Animate Armour           Summ/Erth      Unusable   N/A       N/A         4

Dungeon Overview and Level Annotations

Branches:
Dungeon (7/15)             Temple (1/1) D:5

Altars:
Ashenzari
Cheibriados
Dithmenos
Elyvilon
Fedhas
Gozag
Hepliaklqana
Kikubaaqudgha
Makhleb
Okawaru
Qazlal
Sif Muna
Trog
Uskayaw
Wu Jian
Xom
Yredelemnul
Zin
The Shining One


Innate Abilities, Weirdness & Mutations

You have very sharp teeth.
Your uncanny sense of smell can sniff out nearby items.
Your experience applies equally to all skills.


Message History

The gargoyle hurls a stone arrow at you.
The stone arrow hits you but does no damage.
You feel yourself speed up.
The vampire mosquito closely misses you. x2
The gargoyle closely misses you.
You closely miss the gargoyle. You miss the vampire mosquito.
The vampire mosquito bites you but does no damage. x2
The gargoyle misses you.
You barely miss the gargoyle. You bite the gargoyle.
The gargoyle is lightly damaged.
You slash the vampire mosquito!
The vampire mosquito bites you but does no damage.
You bump into the crystal wall.
The vampire mosquito bites you but does no damage.
The gargoyle hurls a stone arrow at you.
The stone arrow hits you!
The vampire mosquito closely misses you.
You hit the gargoyle but do no damage.
The gargoyle is lightly damaged.
You hit the vampire mosquito but do no damage.
You feel less confused.
The vampire mosquito bites you but does no damage.
The gargoyle hurls a stone arrow at you.
The stone arrow misses you.
You hit the gargoyle but do no damage.
You bite the gargoyle, but do no damage.
You hit the vampire mosquito.
The vampire mosquito bites you but does no damage.
The gargoyle hurls a stone arrow at you.
The stone arrow hits you!!
* * * LOW HITPOINT WARNING * * *
You hit the gargoyle.
The gargoyle is lightly damaged.
You hit the vampire mosquito.
The vampire mosquito barely misses you. x2
You barely miss the gargoyle.
The gargoyle is lightly damaged.
You hit the vampire mosquito. The vampire mosquito misses you.
The gargoyle hurls a stone arrow at you.
The stone arrow hits you!!
You die...

...#
###........
...#∆
###......
###..#
####...
#.)..# ###.
#....# # ##
#.)†.#∆# #..
#....###..#
#....#..# ∆
#...@9# ..
#..y)###..#
####....#
#.###..#
#.).###..
###...###
#....†###
##......###
######...####


You could see a vampire mosquito and a gargoyle.

Vanquished Creatures
  Pikel (D:4)
  A hornet (D:7)
  A shadow (D:7)
  Eustachio (D:5)
  Menkaure (D:4)
  2 water moccasins
  A black bear (D:7)
  2 ice beasts
  2 phantoms
  3 lemures (D:4)
  3 bullfrogs (D:7)
  A gnoll sergeant (D:5)
  2 scorpions
  A killer bee (D:7)
  2 howler monkeys
  A bombardier beetle (D:7)
  3 hounds
  4 jellies
  An orc priest (D:4)
  Crazy Yiuf (D:2)
  Terence (D:3)
  2 sleepcaps
  Natasha (D:3)
  2 iguanas
  3 orc wizards
  15 gnolls
  5 adders
  2 shadow imps
  2 dart slugs
  A ribbon worm (D:5)
  13 orcs
  10 ball pythons
  5 endoplasms
  5 goblins
  6 hobgoblins
  6 jackals
  5 kobolds
  4 quokkas
  5 bats
  4 frilled lizards
  A rat (D:1)
132 creatures vanquished.

Notes
Turn   | Place    | Note
-------+----------+-------------------------------------------
     0 | D:1      | groovy9 the Gnoll Fighter began the quest for the Orb.
     0 | D:1      | Reached XP level 1. HP: 23/23 MP: 1/1
   115 | D:1      | Reached XP level 2. HP: 28/29 MP: 2/2
   357 | D:1      | Found a faded altar of an unknown god.
   808 | D:2      | Reached XP level 3. HP: 35/35 MP: 3/3
   840 | D:2      | Reached skill level 1 in Invocations
   900 | D:2      | Reached skill level 1 in Short Blades
   900 | D:2      | Reached skill level 1 in Long Blades
   900 | D:2      | Reached skill level 1 in Maces & Flails
   900 | D:2      | Reached skill level 1 in Polearms
   900 | D:2      | Reached skill level 1 in Staves
   900 | D:2      | Reached skill level 1 in Ranged Weapons
   900 | D:2      | Reached skill level 1 in Throwing
   900 | D:2      | Reached skill level 1 in Dodging
   900 | D:2      | Reached skill level 1 in Stealth
   900 | D:2      | Reached skill level 1 in Unarmed Combat
   900 | D:2      | Reached skill level 1 in Spellcasting
   900 | D:2      | Reached skill level 1 in Evocations
  1149 | D:2      | Found a runed translucent door.
  1150 | D:2      | Noticed Crazy Yiuf
  1155 | D:2      | Killed Crazy Yiuf
  1156 | D:2      | Reached skill level 1 in Conjurations
  1156 | D:2      | Reached skill level 1 in Hexes
  1156 | D:2      | Reached skill level 1 in Summonings
  1156 | D:2      | Reached skill level 1 in Necromancy
  1156 | D:2      | Reached skill level 1 in Translocations
  1156 | D:2      | Reached skill level 1 in Fire Magic
  1156 | D:2      | Reached skill level 1 in Ice Magic
  1156 | D:2      | Reached skill level 1 in Air Magic
  1156 | D:2      | Reached skill level 1 in Earth Magic
  1156 | D:2      | Reached skill level 1 in Alchemy
  1156 | D:2      | Reached skill level 1 in Shapeshifting
  1156 | D:2      | Reached XP level 4. HP: 41/41 MP: 5/5
  1381 | D:3      | Noticed Terence
  1395 | D:3      | Killed Terence
  1800 | D:3      | Reached XP level 5. HP: 47/47 MP: 7/7
  1826 | D:3      | Noticed Natasha
  1833 | D:3      | Killed Natasha
  2192 | D:3      | Found a burning altar of Makhleb.
  2294 | D:4      | Reached XP level 6. HP: 53/53 MP: 8/8
  2409 | D:4      | Reached skill level 5 in Axes
  2503 | D:4      | Found a bloodstained altar of Trog.
  2560 | D:4      | Noticed Pikel
  2571 | D:4      | Killed Pikel
  2572 | D:4      | Reached XP level 7. HP: 50/60 MP: 9/11
  2611 | D:4      | Noticed Menkaure
  2620 | D:4      | Killed Menkaure
  3015 | D:5      | Entered Level 5 of the Dungeon
  3028 | D:5      | Reached XP level 8. HP: 67/67 MP: 12/12
  3099 | D:5      | Noticed Eustachio
  3137 | D:5      | Killed Eustachio
  3273 | D:5      | Found a staircase to the Ecumenical Temple.
  3352 | Temple   | Entered the Ecumenical Temple
  3371 | Temple   | Became a worshipper of Warmaster Okawaru
  4198 | D:6      | Identified the +5 quarterstaff of Luots {drain, ^Fragile
                  | rPois Will++ MP-9 Dex+3}
  4411 | D:6      | Reached * piety under Okawaru
  4418 | D:6      | Found a shimmering altar of Xom.
  4419 | D:6      | Found a shadowy altar of Dithmenos.
  4419 | D:6      | Found an ancient bone altar of Kikubaaqudgha.
  4445 | D:6      | Found an ornate altar of the Wu Jian Council.
  4530 | D:6      | Found an opulent altar of Gozag.
  4693 | D:6      | Reached XP level 9. HP: 69/73 MP: 13/15
  5070 | D:7      | Found a blossoming altar of Fedhas.
  5092 | D:7      | Noticed a hornet
  5118 | D:7      | Killed a hornet
  5327 | D:7      | Reached ** piety under Okawaru
  5328 | D:7      | Reached skill level 5 in Invocations
  5580 | D:7      | Identified the ring of Joy {Int+5 Dex+6}
  5582 | D:7      | Noticed a gargoyle
  5600 | D:7      | Killed from afar by a gargoyle

Illustrated notes

Levels and vault maps discovered:
D:1:      dreamdust_arrival_sigmund_warning, layout_loops_ring,
          ebering_ecumenical_altar_rust
D:2:      layout_rooms, uniq_crazy_yiuf_cottage
D:3:      layout_basic, mainiacjoe_overflow_alcove_1,
          hangedman_abyss_or_decor_stabs, minmay_shallow_snake_nest,
          uniq_natasha, uniq_terence
D:4:      layout_cave_pools, lightli_temple_of_fire,
          chequers_serial_rivers_micro_e, uniq_pikel, uniq_menkaure
D:5:      layout_basic, minmay_temple_entry_ruins, minivault_1, uniq_eustachio
D:6:      layout_loops_corners, nicolae_overflow_quartered_altars,
          amcnicky_altar_gilded
D:7:      minmay_the_grid_triangle_9x9_rhombus_thin
          [minmay_the_grid_triangle_9x9_warning,
          minmay_the_grid_triangle_9x9_prize_special,
          minmay_the_grid_triangle_9x9_subtriangle,
          minmay_the_grid_triangle_9x9_flanged_cone], layout_rooms,
          fedhas_altar_3
Temple:   nicolae_temple_bog_church

Skill      XL: |  1  2  3  4  5  6  7  8  9 |
---------------+----------------------------+-----
Invocations    | 1 2 3 4 5 |  5.2
Short Blades   | 1 2 3 4 |  4.8
Long Blades    | 1 2 3 4 |  4.8
Maces & Flails | 1 2 3 4 |  4.8
Polearms       | 1 2 3 4 |  4.8
Staves         | 1 2 3 4 |  4.8
Ranged Weapons | 1 2 3 4 |  4.8
Throwing       | 1 2 3 4 |  4.8
Dodging        | 1 2 3 4 |  4.8
Stealth        | 1 2 3 4 |  4.8
Unarmed Combat | 1 2 3 4 |  4.8
Spellcasting   | 1 2 3 4 |  4.8
Evocations     | 1 2 3 4 |  4.8
Conjurations   | 1 2 3 |  3.9
Hexes          | 1 2 3 |  3.9
Summonings     | 1 2 3 |  3.9
Necromancy     | 1 2 3 |  3.9
Translocations | 1 2 3 |  3.9
Fire Magic     | 1 2 3 |  3.9
Ice Magic      | 1 2 3 |  3.9
Air Magic      | 1 2 3 |  3.9
Earth Magic    | 1 2 3 |  3.9
Alchemy        | 1 2 3 |  3.9
Shapeshifting  | 1 2 3 4 |  4.3
Axes           | 5 6 |  6.7
Fighting       | 7 8 |  8.2
Armour         | 7 8 |  8.2
Shields        | 7 8 |  8.2

Action                     |  1- 3 |  4- 6 |  7- 9 || total
---------------------------+-------+-------+-------++-------
  Melee: War axe           |    81 |   109 |   314 ||   504
         Bite              |     5 |    10 |    44 ||    59
    Use: Potion            |       |     1 |     2 ||     3
         Scroll            |       |       |     6 ||     6
 Armour: Scale mail        |    54 |     8 |       ||    62
         Chain mail        |       |    47 |   232 ||   279
  Dodge: Dodged            |    42 |    66 |   215 ||   323
  Block: Buckler           |    21 |    24 |    94 ||   139
